AoeStats
← 李天尊

Arena

510273355Analyzed
4v4 RM · 2d ago on Sep 30, 2026· 37m 58s· 8 players
Game mode
Random Map
Map size
Large (8 player)
Population
200
Speed
Normal
Resources
Standard
Victory
Conquest
Starting age
Dark Age
Ending age
Imperial Age
RankedLock teamsTeams togetherTeam positionsShared explorationLock speedFull tech treeHidden civsTurbo modeCheats
Victory
Defeat
🇹🇼 Danes · Taiwan
1366
+15
🇨🇳 Spanish · China
1317
+17
🇨🇳 Malians · China
1289
+18
🇨🇳 Franks · China
1272
+18
🇺🇸 Turks · United States
1454
-22
🇦🇺 Koreans · Australia
1307
-16
🇦🇷 Teutons · Argentina
1301
-16
🇸🇪 Tupi · Sweden
1261
-14
李天尊
10:11 Feudal Age
9:10 Loom
13:23 Double-Bit Axe
16:00 Castle Age
13:53 Horse Collar
18:59 Bow Saw
22:32 Wheelbarrow
23:03 Heavy Plow
24:24 Scale Mail Armor
27:52 Chain Mail Armor
28:06 Gold Mining
30:19 Hand Cart
31:07 Gold Shaft Mining
30:23 Stone Mining
30:37 Town Watch
31:23 Gambesons
31:38 Squires
31:24 Arson
35:10 Imperial Age
34:05 Stone Shaft Mining
33:50 Forging
35:06 Iron Casting
36:30 Plate Mail Armor
35:34 Elite Jomsviking
37:24 Blast Furnace
36:04 Hamask
37:44 Conscription
38:16 Plate Mail Armor
datouyu
0:55 Loom
11:25 Feudal Age
11:37 Feudal Age
16:03 Castle Age
14:12 Double-Bit Axe
14:32 Horse Collar
15:35 Man-at-Arms
16:01 Arson
16:24 Scale Mail Armor
17:13 Bow Saw
16:51 Long Swordsman
17:49 Squires
21:11 Chain Mail Armor
24:17 Pikeman
29:59 Wheelbarrow
34:40 Heavy Plow
37:14 Imperial Age
35:00 Hand Cart
36:19 Forging
38:04 Iron Casting
37:17 Two-Handed Swordsman
Ironbelly
10:03 Feudal Age
14:23 Castle Age
12:52 Double-Bit Axe
15:36 Bow Saw
21:40 Stone Mining
21:41 Gold Mining
25:08 Wheelbarrow
24:18 Loom
28:12 Imperial Age
26:25 Hand Cart
26:57 Gold Shaft Mining
26:41 Scale Barding Armor
27:03 Husbandry
29:01 Chain Barding Armor
28:42 Cavalier
29:38 Chivalry
29:59 Conscription
31:15 Plate Barding Armor
30:50 Forging
30:24 Paladin
34:48 Hoardings
33:36 Ordonnance Companies
38:28 Iron Casting
37:56 Caravan
38:26 Coinage
我来助你
11:23 Feudal Age
11:14 Loom
17:22 Castle Age
27:50 Horse Collar
32:10 Padded Archer Armor
38:13 Husbandry
38:23 Bloodlines
dreams2996
6:49 Loom
9:09 Feudal Age
9:52 Double-Bit Axe
9:55 Horse Collar
15:39 Scale Barding Armor
17:05 Forging
19:14 Bloodlines
22:35 Castle Age
23:09 Fletching
23:20 Padded Archer Armor
23:35 Bow Saw
23:26 Heavy Plow
23:54 Bodkin Arrow
24:23 Husbandry
28:20 Wheelbarrow
28:03 Town Watch
28:49 Thumb Ring
33:30 Imperial Age
31:59 Ballistics
33:00 Stone Mining
33:01 Gold Mining
34:35 Bodkin Arrow
34:56 Leather Archer Armor
36:36 Bracer
37:51 Ring Archer Armor
38:00 Fortified Wall
Gustavus Adolphus
10:54 Feudal Age
11:26 Loom
15:32 Castle Age
14:44 Double-Bit Axe
14:41 Horse Collar
15:37 Town Watch
18:06 Bow Saw
20:09 Town Patrol
20:49 Wheelbarrow
21:54 Hand Cart
23:44 Gold Mining
24:28 Heavy Plow
26:04 Fletching
26:50 Stone Mining
30:35 Imperial Age
28:05 Bodkin Arrow
29:03 Gold Shaft Mining
29:36 Ballistics
29:24 Padded Archer Armor
31:10 Leather Archer Armor
31:31 Bracer
31:54 Conscription
32:02 Curare
33:07 Chemistry
34:15 Scale Mail Armor
33:48 Pikeman
34:30 Squires
35:20 Halberdier
ZBizkit
5:43 Loom
6:22 Loom
9:22 Feudal Age
10:19 Double-Bit Axe
11:25 Fletching
14:29 Town Watch
26:17 Castle Age
25:56 Gold Mining
27:15 Wheelbarrow
27:47 Horse Collar
29:12 Scale Barding Armor
29:21 Bloodlines
29:40 Bow Saw
32:40 Chain Barding Armor
32:15 Stone Mining
35:12 Hand Cart
Texas Mil
6:03 Loom
8:42 Feudal Age
10:24 Double-Bit Axe
10:51 Horse Collar
19:57 Castle Age
18:18 Gold Mining
18:25 Stone Mining
20:34 Fletching
27:50 Imperial Age
28:09 Bodkin Arrow
31:43 Conscription
31:47 Bracer
Connection lost

Rejoining the realm…

Still unreachable

The connection could not be restored.

Session expired

The server has moved on; the page needs a fresh start.